 Dungeon Crawl Stone Soup version 0.28.0-43-g3370ac3207 (webtiles) character file.

Game seed: 16857786567303766134

43 crimpus the Ruffian (level 3, 0/27 HPs)
             Began as a Demigod Transmuter on Mar 8, 2022.
             Succumbed to a kobold's poison
             ... on level 2 of the Dungeon.
             The game lasted 00:01:33 (1874 turns).

crimpus the Ruffian (Demigod Transmuter)            Turns: 1874, Time: 00:01:33

Health: 0/27       AC:  2    Str: 15    XL:     3   Next: 20%
Magic:  8/9        EV: 12    Int: 15    God:
Gold:   31         SH:  0    Dex: 14    Spells: 5/6 levels left

rFire   . . .      SeeInvis .     - Unarmed
rCold   . . .      Faith    .   (no shield)
rNeg    . . .      Spirit   .   a - +0 robe
rPois   .          Reflect  .   (no helmet)
rElec   .          Harm     .   (no cloak)
rCorr   .          Rampage  .   (no gloves)
Will    .....                   (no boots)
Stlth   +.........              (no amulet)
HPRegen 0.09/turn               (no ring)
MPRegen 0.11/turn               (no ring)

@: lethally poisoned (0 -> -13)
A: high MP 1, forlorn, divine attributes
a: no special abilities


You were on level 2 of the Dungeon.
You visited 1 branch of the dungeon, and saw 2 of its levels.

You collected 31 gold pieces.

Inventory:

Armour
 a - a +0 robe (worn)
Scrolls
 b - a scroll of vulnerability {unknown}
 c - 2 scrolls of identify {unknown}
 d - a scroll of enchant armour {unknown}
 e - a scroll of blinking {unknown}


   Skills:
 + Level 0.9 Fighting
 + Level 2.2 Dodging
 + Level 0.2 Stealth
 + Level 3.2 Unarmed Combat
 + Level 2.2 Spellcasting
 + Level 2.0 Transmutations


You had 5 spell levels left.
You knew the following spells:

 Your Spells              Type           Power      Damage    Failure   Level
a - Beastly Appendage     Tmut           14%        N/A       10%         1

Your spell library contained the following spells:

 Spells                   Type           Power      Damage    Failure   Level
 Wereblood                Tmut           7%         N/A       14%         2
 Foxfire                  Conj/Fire      4%         2x1d4     22%         1
 Spider Form              Tmut/Pois      4%         N/A       41%         3
 Conjure Flame            Conj/Fire      1%         6-21      54%         3
 Inner Flame              Hex/Fire       1%         N/A       54%         3
 Ice Form                 Ice/Tmut       4%         N/A       82%         4
 Flame Wave               Conj/Fire      1%         2d4       91%         4


Dungeon Overview and Level Annotations

Branches:
Dungeon (2/15)


Innate Abilities, Weirdness & Mutations

You have an increased reservoir of magic. (+10% MP)
You shall have no god before yourself.
Your divine heritage dramatically boosts your attributes as you level up.


Message History

You hit the adder. Your kick misses the adder.
The adder is severely wounded.
You feel sick. The adder bites you.
You barely miss the adder. Your headbutt misses the adder.
The adder is severely wounded.
You feel sick. The adder barely misses you.
You hit the adder. Your kick misses the adder. Your headbutt misses the adder.
The adder is almost dead.
Your transformation is almost over.
You feel sick.
You are no longer poisoned.
The adder misses you.
You hit the adder but do no damage. You claw the adder.
You kill the adder!
Your Transmutations skill increases to level 2!
You have reached level 3!
Your experience leads to a dramatic increase in your attributes!
Increase (S)trength, (I)ntelligence, or (D)exterity?
You feel stronger. x4
You closely miss the hobgoblin. Your kick misses the hobgoblin.
The hobgoblin completely misses you.
The kobold shouts!
You hit the hobgoblin but do no damage. Your kick misses the hobgoblin.
The hobgoblin hits you.
* * * LOW HITPOINT WARNING * * *
You hit the hobgoblin.
You claw the hobgoblin, but do no damage.
Your headbutt misses the hobgoblin.
The hobgoblin is lightly wounded.
The hobgoblin barely misses you.
You closely miss the hobgoblin. You claw the hobgoblin.
The hobgoblin is almost dead.
The hobgoblin barely misses you.
You hit the hobgoblin but do no damage. You claw the hobgoblin.
You kill the hobgoblin!
You hit the kobold but do no damage. The kobold hits you but does no damage.
You are lethally poisoned!
You barely miss the kobold. Your headbutt misses the kobold.
Your horns disappear.
Your talons disappear.
You die...

...##..# #.# .......#
#.# K....# #.# ...##
#.# #..# #.# #..## #.#
#...###.# #K#.....#
#@#..##.# #.#..##.# .
#.#...#.# .. ..#.#.#.#
..#########.#.#.#
.).........#...#
#####........##..#
#............##..###...
#....<..........>......


You could see a kobold.

Vanquished Creatures
  2 adders (D:2)
  A worm (D:2)
  3 ball pythons (D:1)
  An endoplasm (D:1)
  A goblin (D:1)
  3 hobgoblins
  A kobold (D:1)
  2 quokkas (D:1)
  3 bats (D:1)
  2 frilled lizards (D:1)
  4 rats (D:1)
23 creatures vanquished.

Notes
Turn   | Place    | Note
-------+----------+-------------------------------------------
     0 | D:1      | crimpus the Demigod Transmuter began the quest for the Orb.
     0 | D:1      | Reached XP level 1. HP: 15/15 MP: 5/5
   679 | D:1      | Reached XP level 2. HP: 10/22 MP: 4/7
  1149 | D:1      | Reached skill level 3 in Unarmed Combat
  1868 | D:2      | Reached XP level 3. HP: 6/27 MP: 7/9
  1874 | D:2      | Succumbed to a kobold's poison

Illustrated notes

Levels and vault maps discovered:
D:1:      amcnicky_arrival_double_pillar, layout_loops_ring,
          nicolae_ecumenical_lake_church
D:2:      layout_basic

Skill      XL: |  1  2 |
---------------+-------+-----
Spellcasting   | 2 |  2.2
Unarmed Combat | 3 |  3.2
Dodging        | 2 |  2.2
Transmutations | 2 |  2.0
Fighting       | |  0.9
Stealth        | |  0.2

Action                   || total
-------------------------++-------
Melee: Unarmed           ||    70
       Kick              ||    13
       Headbutt          ||     5
       Punch             ||     2
 Cast: Beastly Appendage ||     8
 Stab: Sleeping          ||     1
Armor: Robe              ||    12
Dodge: Dodged            ||    40
